 Dungeon Crawl Stone Soup version 0.21-a0-405-gf2af9a1 (webtiles) character file.

785 ohad the Changer (level 7, -8/57 HPs)
             Began as a Naga Transmuter on Nov 1, 2017.
             Mangled by an orc warrior
             ... wielding a +0 short sword
              (18 damage)
             ... on level 6 of the Dungeon.
             The game lasted 00:13:41 (5443 turns).

ohad the Changer (Naga Transmuter)                  Turns: 5443, Time: 00:13:41

Health: -8/57      AC:  2    Str: 13    XL:     7   Next: 86%
Magic:  9/12       EV: 19    Int: 15    God:
Gold:   225        SH:  0    Dex: 16    Spells: 3/13 levels left

rFire    . . .     SeeInvis +     - Unarmed
rCold    . . .     Gourm    .   (shield currently unavailable)
rNeg     . . .     Faith    .   (armour currently unavailable)
rPois    x         Spirit   .   (helmet currently unavailable)
rElec    .         Reflect  .   (cloak currently unavailable)
rCorr    .         Harm     .   (gloves currently unavailable)
MR       .....                  (no barding)
Stlth    ++........             (no amulet)
HPRegen  0.19/turn              (no ring)
MPRegen  0.13/turn              (no ring)

@: short of breath, spider-form
A: see invisible, slow metabolism 1, spit poison 1, AC +2
a: Spit Poison, End Transformation


You were on level 6 of the Dungeon.
You were very hungry.
You were a venomous arachnid creature.
You visited 1 branch of the dungeon, and saw 6 of its levels.

You collected 225 gold pieces.

Inventory:

Hand Weapons
 p - a cursed -3 mace
 z - a +1 blowgun
Missiles
 a - 41 arrows
 g - 21 bolts
 i - 17 javelins (quivered)
 A - 20 poisoned needles
Armour
 b - a +0 robe (melded)
 k - a cursed +0 ring mail
 o - a cursed +0 scale mail
 s - a scarf of resistance (melded)
 x - a cursed +0 ring mail
Magical Staves
 F - an uncursed staff of wizardry {unknown}
Jewellery
 j - an uncursed ring of resist corrosion {unknown}
Wands
 v - a wand of random effects (15/48)
 C - a wand of flame (30/48)
Scrolls
 m - 2 scrolls of random uselessness
 q - 4 scrolls of identify
 B - 3 scrolls of remove curse
 G - a scroll of enchant weapon
Potions
 f - a potion of haste
 l - 4 potions of curing
 n - a potion of brilliance
 r - a potion of berserk rage
 t - a potion of mutation
 D - a potion of heal wounds {unknown}
Books
 c - a book of Changes

   Spells                             Type                      Level
   a - Beastly Appendage              Transmutation                1
   b - Sticks to Snakes               Transmutation                2
   c - Spider Form                    Transmutation/Poison         3
   d - Ice Form                       Ice/Transmutation            4
   e - Blade Hands                    Transmutation                5
 e - a book of Necromancy

   Spells                             Type                      Level
   a - Pain                           Necromancy                   1
   b - Animate Skeleton               Necromancy                   1
   c - Vampiric Draining              Necromancy                   3
   d - Regeneration                   Charms/Necromancy            3
   e - Animate Dead                   Necromancy                   4
   f - Control Undead                 Necromancy                   4
 y - a book of Minor Magic

   Spells                             Type                      Level
   a - Magic Dart                     Conjuration                  1
   b - Blink                          Translocation                2
   c - Call Imp                       Summoning                    2
   d - Slow                           Hexes                        2
   e - Conjure Flame                  Conjuration/Fire             3
   f - Mephitic Cloud                 Conjuration/Poison/Air       3
Comestibles
 d - 3 bread rations
 h - a royal jelly
 u - 3 meat rations


   Skills:
 - Level 1.0 Fighting
 - Level 1.6 Dodging
 - Level 2.0 Stealth
 - Level 3.2 Unarmed Combat
 + Level 3.9 Spellcasting
 - Level 7.1 Transmutations
 - Level 2.2 Ice Magic


You had 3 spell levels left.
You knew the following spells:

 Your Spells              Type           Power        Failure   Level  Hunger
a - Beastly Appendage     Tmut           ###...       5%          1    None
b - Sticks to Snakes      Tmut           ###.....     7%          2    ##.....
c - Spider Form           Tmut/Pois      ##........   30%         3    ###....
d - Ice Form              Ice/Tmut       ###.....     47%         4    ####...


Dungeon Overview and Level Annotations

Branches:
Dungeon (6/15)
 Temple: D:4-7

Altars:
Kikubaaqudgha
Sif Muna
Trog
Yredelemnul

Shops:
D:5 [

Annotations:
D:3 Grinder


Innate Abilities, Weirdness & Mutations

You cannot wear boots.
((Your serpentine skin is tough. (AC +2)))
You have supernaturally acute eyesight. (SInv)
((Armour fits poorly on your strangely shaped body.))
((Your system is resistant to poisons. (rPois)))
((You cover ground very slowly.))
You have a slow metabolism.
You can spit poison.


Message History

The orc wizard flickers and vanishes for a moment.
The orc warrior hits you but does no damage.
Press: ? - help, Shift-Dir - straight line, f - orc warrior
Aim: an orc warrior, wielding a short sword and wearing a chain mail (almost dead)
The splash of poison hits the orc warrior.
The orc warrior is almost dead.
You feel slightly more hungry.
The orc warrior hits you with a short sword!
Casting: Ice Form
Confirm with . or Enter, or press ? or * to list all spells.
You turn into a venomous arachnid creature.
Your scarf of resistance melds into your body.
Your +0 robe melds into your body.
You feel hot and cold all over.
You are feeling very hungry.
The orc warrior hits you with a short sword!
* * * LOW HITPOINT WARNING * * *
You closely miss the orc warrior.
The orc warrior is almost dead.
The orc warrior hits you with a short sword!!
You die...

#.# #.# #.. #s#
#o# #o# #o# #.#
#s###.### ##
#........ ..
#.###.### .# #.#
#.# ######.# #.#
#.# ##.##.... #.#
#.####.#.#....
#.###.##<.###.....
#........## ##....
#####...## ##...


You could see an orc warrior, a scorpion, an orc wizard (invisible) and an orc.

Vanquished Creatures
  A phantom (D:4)
  A sky beast (D:5)
  An ogre (D:4)
  A scorpion (D:5)
  A hound (D:5)
  A bullfrog skeleton (D:6)
  A centaur skeleton (D:4)
  2 jellies
  An orc wizard (D:5)
  5 worker ants
  7 adders
  2 oozes
  4 worms
  3 dart slugs
  A leopard gecko (D:1)
  3 orcs (D:5)
  3 giant cockroaches
  7 goblins
  10 hobgoblins
  2 quokkas
  4 bats
  5 frilled lizards
  2 gnoll zombies (D:4)
  10 kobolds
  2 quokka skeletons (D:4)
  5 rats
85 creatures vanquished.

Vanquished Creatures (collateral kills)
  A worker ant (D:5)
  An adder (D:2)
2 creatures vanquished.

Grand Total: 87 creatures vanquished

Notes
Turn   | Place    | Note
-------+----------+-------------------------------------------
     0 | D:1      | ohad the Naga Transmuter began the quest for the Orb.
     0 | D:1      | Reached XP level 1. HP: 18/18 MP: 3/3
    98 | D:1      | Reached XP level 2. HP: 15/25 MP: 1/5
   106 | D:1      | Reached skill level 1 in Stealth
   492 | D:1      | Reached XP level 3. HP: 31/31 MP: 6/6
  1027 | D:2      | Reached skill level 3 in Transmutations
  1040 | D:2      | Learned a level 2 spell: Sticks to Snakes
  1044 | D:2      | Learned a level 3 spell: Spider Form
  1837 | D:2      | Reached XP level 4. HP: 29/38 MP: 5/7
  2280 | D:3      | Reached skill level 4 in Transmutations
  2398 | D:3      | Found a bloodstained altar of Trog.
  2476 | D:3      | Reached XP level 5. HP: 21/44 MP: 2/8
  2722 | D:3      | Found an ancient bone altar of Kikubaaqudgha.
  2814 | D:3      | Found a faded altar of an unknown god.
  2901 | D:3      | Noticed Grinder
  3236 | D:4      | Reached skill level 5 in Transmutations
  3363 | D:4      | Noticed an ogre
  3370 | D:4      | Killed an ogre
  3370 | D:4      | Reached XP level 6. HP: 40/51 MP: 3/9
  3442 | D:4      | Found a basalt altar of Yredelemnul.
  3589 | D:4      | Reached skill level 6 in Transmutations
  3751 | D:4      | Noticed a phantom
  3774 | D:5      | Entered Level 5 of the Dungeon
  3791 | D:5      | Noticed a sky beast
  3804 | D:5      | Killed a sky beast
  3989 | D:5      | Reached skill level 7 in Transmutations
  3989 | D:5      | Reached XP level 7. HP: 38/57 MP: 1/10
  4005 | D:5      | HP: 1/57 [worker ant (5)]
  4020 | D:5      | Learned a level 4 spell: Ice Form
  4284 | D:5      | Reached skill level 1 in Ice Magic
  5061 | D:4      | Found a deep blue altar of Sif Muna.
  5269 | D:5      | Found Begreax's Antique Armour Emporium.
  5443 | D:6      | Mangled by an orc warrior

Vault maps used:
D:1:      tarquinn_simple_flora_water_d
D:2:      first_bread
D:3:      nicolae_overflow_crystal_walls, kiku_gazebo_garden_becter,
          chequers_ecumenical_altar_simple_redux, uniq_grinder
D:4:      led_sif_pool, lemuel_zombie_altar_yredelemnul
D:5:      serial_shops, nicolae_shop_overgrown_old_shop
D:6:      minmay_temple_entry_junction

Skill      XL: |  1  2  3  4  5  6  7 |
---------------+----------------------+-----
Stealth        | 2 |  2.0
Transmutations | 3 4 5 7 |  7.1
Ice Magic      | 2 |  2.2
Spellcasting   | 3 |  3.9
Fighting       | |  1.0
Dodging        | |  1.6
Unarmed Combat | |  3.2

Action                   |  1- 3 |  4- 6 |  7- 9 || total
-------------------------+-------+-------+-------++-------
Melee: Unarmed           |    94 |   108 |    64 ||   266
       Headbutt          |     6 |     7 |       ||    13
 Cast: Beastly Appendage |    20 |     9 |       ||    29
       Sticks to Snakes  |     1 |     6 |     1 ||     8
       Spider Form       |       |    16 |     5 ||    21
       Ice Form          |       |       |     4 ||     4
 Abil: Spit Poison       |    38 |    17 |     6 ||    61
  Use: Scroll            |     6 |     7 |     1 ||    14
       Potion            |       |       |     2 ||     2
  Eat: Chunk             |     4 |     9 |     3 ||    16
       Royal jelly       |       |       |     2 ||     2
Armor: Robe              |    19 |     8 |     5 ||    32
       Skin              |       |     3 |     9 ||    12
Dodge: Dodged            |    84 |    72 |    38 ||   194

Table legend:
 A = Spawn XP
 B = Non-spawn XP
 C = Spawn XP percentage of total XP
 D = Spawn monster count
 E = Non-spawn monster count
 F = Spawn count percentage of total count
 G = Total turns spent on level
                    A         B        C        D         E        F      G
               +---------+---------+-------+---------+---------+-------+---------
         Total |       0 |    1122 |   0.0 |       0 |      87 |   0.0 |  5443
               +---------+---------+-------+---------+---------+-------+---------
           D:1 |       0 |      38 |   0.0 |       0 |      22 |   0.0 |   859
           D:2 |       0 |      57 |   0.0 |       0 |      15 |   0.0 |  1311
           D:3 |       0 |      76 |   0.0 |       0 |      18 |   0.0 |   766
           D:4 |       0 |     438 |   0.0 |       0 |      15 |   0.0 |  1247
           D:5 |       0 |     429 |   0.0 |       0 |      15 |   0.0 |  1207
           D:6 |       0 |      84 |   0.0 |       0 |       2 |   0.0 |    53
               +---------+---------+-------+---------+---------+-------+---------
